 Dungeon Crawl Stone Soup version 0.29.1-15-g9cfb28693d (webtiles) character file.

Game seed: 18239543268980570023

2323 vishdafish the Destroyer (level 9, 57/57 HPs)
             Began as a Demonspawn Conjurer on Mar 29, 2023.
             Quit the game on level 6 of the Dungeon.
             The game lasted 00:12:05 (8027 turns).

vishdafish the Destroyer (Demonspawn Conjurer)      Turns: 8027, Time: 00:12:05

Health: 57/57      AC:  7    Str:  7    XL:     9   Next: 19%
Magic:  19/19      EV: 12    Int: 27    God:
Gold:   341        SH:  0    Dex: 11    Spells: 13/22 levels left

rFire   + . .      SeeInvis .   u - +6 sling of the Threshing Enemy {vorpal, rPois rF+ rN+}
rCold   . . .      Faith    .   (no shield)
rNeg    + . .      Spirit   +   a - +0 robe
rPois   +          Reflect  .   D - +2 helmet
rElec   .          Harm     +   (no cloak)
rCorr   .          Rampage  .   (no gloves)
Will    .....                   (no boots)
Stlth   ++........              t - amulet "Papeiska" {Spirit Harm Int+2}
HPRegen 0.19/turn               (no ring)
MPRegen 0.32/turn               (no ring)

@: no status effects
A: claws 2, slimy green scales 1, magic regeneration, demonic magic 1
a: no special abilities


You were on level 6 of the Dungeon.
You visited 2 branches of the dungeon, and saw 7 of its levels.
You also visited: Ossuary.

You collected 341 gold pieces.

Inventory:

Hand Weapons
 n - the +5 trident "Ishere" {flame, Str+2}
   (You found it on level 3 of the Dungeon)

   It burns those it strikes, dealing additional fire damage.
   Str:       It affects your strength (+2).
 u - the +6 sling of the Threshing Enemy (weapon) {vorpal, rPois rF+ rN+}
   (You took it off an orc priest on level 4 of the Dungeon)

   Any ammunition fired from it inflicts extra damage upon your enemies.
   rF:        It protects you from fire.
   rPois:     It protects you from poison.
   rN:        It protects you from negative energy.
Armour
 a - a +0 robe (worn)
 D - a +2 helmet (worn)
Jewellery
 t - the amulet "Papeiska" (around neck) {Spirit Harm Int+2}
   (You found it on level 4 of the Dungeon)

   [amulet of guardian spirit]

   It causes incoming damage to be divided between your reserves of health and
   magic.
   Int:       It affects your intelligence (+2).
   Harm:      It increases damage dealt and taken.
 y - an amulet of regeneration
Wands
 w - a wand of mindburst (15)
 A - a wand of iceblast (13)
Scrolls
 c - 3 scrolls of fear
 d - a scroll of magic mapping
 f - a scroll of torment {unknown}
 h - 2 scrolls of blinking {unknown}
 i - a scroll of immolation {unknown}
 l - 4 scrolls of enchant weapon {unknown}
 q - 2 scrolls of enchant armour {unknown}
 r - 2 scrolls of amnesia {unknown}
 v - 2 scrolls of vulnerability {unknown}
 B - a scroll of silence {unknown}
 C - 2 scrolls of identify
Potions
 b - 3 potions of mutation {unknown}
 e - 2 potions of curing
 g - 3 potions of haste
 j - a potion of cancellation {unknown}
 k - a potion of degeneration {unknown}
 m - a potion of lignification {unknown}
 o - 2 potions of might {unknown}
 p - 2 potions of flight {unknown}
 s - 2 potions of ambrosia {unknown}
 x - a potion of berserk rage {unknown}
 z - a potion of brilliance {unknown}


   Skills:
 - Level 5.1 Ranged Weapons
 - Level 1.9 Dodging
 - Level 2.0 Stealth
 + Level 7.2 Spellcasting
 + Level 8.7 Conjurations


You had 13 spell levels left.
You knew the following spells:

 Your Spells              Type           Power      Damage    Failure   Level
a - Magic Dart            Conj           100%       1d8       1%          1
b - Fulminant Prism       Conj/Hex       16%        3d11      10%         4
c - Iskenderun's Mystic   Conj/Tloc      33%        2d8       10%         4

Your spell library contained the following spells:

 Spells                   Type           Power      Damage    Failure   Level
 Foxfire                  Conj/Fire      100%       2x1d9     1%          1
 Searing Ray              Conj           100%       2d8       1%          2
 Conjure Flame            Conj/Fire      33%        6-21      2%          3
 Dazzling Flash           Conj/Hex       66%        N/A       2%          3
 Slow                     Hex            36%        N/A       6%          1
 Flame Wave               Conj/Fire      33%        2d10      10%         4
 Confusing Touch          Hex            9%         N/A       17%         3
 Gell's Gravitas          Tloc           9%         N/A       17%         3
 Inner Flame              Hex/Fire       9%         N/A       17%         3
 Lesser Beckoning         Tloc           9%         N/A       17%         3
 Teleport Other           Tloc           9%         N/A       17%         3
 Vampiric Draining        Necr           9%         2d6       17%         3
 Dispersal                Tloc           4%         N/A       100%        6


Dungeon Overview and Level Annotations

Branches:
Dungeon (6/15)             Temple (1/1) D:5         Ossuary (visited)

Altars:
Cheibriados
Gozag
Hepliaklqana
Kikubaaqudgha
Nemelex Xobeh
Okawaru
Ru
Sif Muna
Trog
Uskayaw
Wu Jian
Yredelemnul

Annotations:
D:2 1 runed translucent door, Crazy Yiuf


Innate Abilities, Weirdness & Mutations

You have very sharp fingernails.
You are partially covered in slimy green scales. (AC +2)
You regenerate magic rapidly.
Spells you cast may paralyse adjacent enemies.


Message History

You erupt in a blast of force!
The mystic blast hits the lemure.
You kill the lemure!
That felt strangely unrewarding.
The mystic blast hits Pikel!
Pikel is heavily wounded.
Pikel is knocked back by the mystic blast.
Pikel slams into the rock wall!
You hear an explosion!
The blast of energy engulfs the lemure!
The lemure is severely wounded.
The blast of energy engulfs the lemure!!
The lemure is almost dead.
The blast of energy engulfs Pikel!!
You kill Pikel!
The blast of energy engulfs you!
With Pikel's spell broken, his former minions thank you for their freedom.
The lemure departs this earthly plane. x2
Your Spellcasting skill increases to level 7!
You have reached level 9!
Your experience leads to an increase in your attributes!
Your base attributes are Str 7, Int 23, Dex 11.
Increase (S)trength, (I)ntelligence, or (D)exterity?
You feel clever. x2; Your demonic ancestry asserts itself...
A menacing aura infuses your magic.
Things that are here:
a +0 whip of flaming; a +0 robe; the kobold corpse of Pikel
Things that are here:
a +0 whip of flaming; a +0 robe; the kobold corpse of Pikel
There is a stone staircase leading down here.
You open the door.
A spectral orc comes into view.
Found a basalt altar of Yredelemnul.
A spectral orc is nearby!
A spectral orc is nearby!
A spectral orc is nearby!
You shoot a sling bullet. The sling bullet hits the spectral orc!
You destroy the spectral orc!
No target in view!
No target in view!
No target in view!
Are you sure you want to abandon this character and quit the game? (Confirm with "yes".)

#.................>.....#
#.#####################.#
#.# ##### ###.# #.# .._^.
#.#.# #.# ##...## #.#)#
#.### ^..^. #...# #...#
^.. #.### ##.### #'#
#.### #...###@# #....
###.....# ### ###.#
####### #.# #.# #.# #.#
#.# #.# #.#######.#
#.........# #########.#
###


There were no monsters in sight!

Vanquished Creatures
  Pikel (D:6)
  Eustachio (D:6)
  2 ogres (D:6)
  2 centaurs (D:6)
  A lemure (D:6)
  2 phantoms (D:6)
  A kobold brigand (D:6)
  A gnoll sergeant (D:3)
  A scorpion (D:5)
  A wight (D:6)
  2 howler monkeys
  5 hounds
  5 orc priests
  4 iguanas
  An orc wizard (D:6)
  A mummy (Ossuary)
  18 gnolls (D:3)
  8 adders
  7 river rats (D:6)
  An ufetubus (D:6)
  5 dart slugs
  39 orcs
  2 spectral bats (Ossuary)
  7 ball pythons
  2 endoplasms
  4 giant cockroaches
  12 gnoll zombies (Ossuary)
  2 goblins
  3 hobgoblins
  14 jackals
  11 kobolds
  8 quokkas
  5 bats
  5 bat simulacra (Ossuary)
  3 frilled lizards
  4 goblin zombies (Ossuary)
  6 hobgoblin zombies (Ossuary)
  4 kobold simulacra (Ossuary)
  3 kobold zombies (Ossuary)
  5 orc zombies (Ossuary)
  18 rats
  3 rat simulacra (Ossuary)
  2 spectral goblins (Ossuary)
  2 spectral kobolds (Ossuary)
  A spectral orc (D:6)
  4 spectral rats (Ossuary)
239 creatures vanquished.

Vanquished Creatures (others)
  3 fulminant prisms (D:6)
  A plant (D:3)
4 creatures vanquished.

Grand Total: 243 creatures vanquished

Notes
Turn   | Place    | Note
-------+----------+-------------------------------------------
     0 | D:1      | vishdafish the Demonspawn Conjurer began the quest for the
                  | Orb.
     0 | D:1      | Reached XP level 1. HP: 13/13 MP: 3/3
   199 | D:1      | Gained mutation: You are partially covered in slimy green
                  | scales. (AC +2) [demonic ancestry]
   199 | D:1      | Reached XP level 2. HP: 2/19 MP: 1/5
   543 | D:1      | Found a faded altar of an unknown god.
  1232 | D:2      | Gained mutation: You have sharp fingernails. [demonic
                  | ancestry]
  1232 | D:2      | Reached XP level 3. HP: 24/24 MP: 0/6
  1393 | D:2      | Found a runed translucent door.
  1394 | D:2      | Noticed Crazy Yiuf
  2224 | D:3      | Identified the +5 trident "Ishere" {flame, Str+2}
  2356 | D:3      | Reached XP level 4. HP: 30/30 MP: 3/8
  2564 | D:3      | Reached skill level 5 in Conjurations
  2568 | D:3      | Gained mutation: You have very sharp fingernails. [demonic
                  | ancestry]
  2568 | D:3      | Reached XP level 5. HP: 17/35 MP: 8/10
  3032 | D:3      | HP: 1/35 [orc/+0 trident (6)]
  3408 | D:4      | Reached XP level 6. HP: 41/41 MP: 0/12
  3741 | D:4      | Identified the +0 helmet of Enniom {Str-2 Int+8}
  3858 | D:4      | Identified the amulet "Papeiska" {Spirit Harm Int+2}
  3901 | D:4      | Identified the +6 sling of the Threshing Enemy {vorpal,
                  | rPois rF+ rN+}
  3906 | D:4      | Reached skill level 6 in Conjurations
  3991 | D:4      | Found an opulent altar of Gozag.
  3992 | D:4      | Found a sparkling altar of Nemelex Xobeh.
  4206 | D:4      | Learned a level 4 spell: Fulminant Prism
  4211 | D:4      | Learned a level 4 spell: Iskenderun's Mystic Blast
  4314 | D:3      | Reached skill level 1 in Ranged Weapons
  4749 | D:3      | Reached XP level 7. HP: 46/46 MP: 13/13
  5034 | D:5      | Entered Level 5 of the Dungeon
  5046 | D:5      | Found an ornate altar of the Wu Jian Council.
  5533 | D:5      | Found a sand-covered staircase.
  5538 | Ossuary  | Entered an ossuary
  6081 | D:5      | Found a staircase to the Ecumenical Temple.
  6102 | Temple   | Entered the Ecumenical Temple
  6628 | D:5      | Reached skill level 5 in Ranged Weapons
  6887 | D:6      | Noticed Eustachio
  6896 | D:6      | Killed Eustachio
  6970 | D:6      | Reached skill level 5 in Spellcasting
  6970 | D:6      | Gained mutation: You regenerate magic rapidly. [demonic
                  | ancestry]
  6970 | D:6      | Reached XP level 8. HP: 52/52 MP: 6/15
  7050 | D:6      | Reached skill level 7 in Conjurations
  7593 | D:6      | Reached skill level 8 in Conjurations
  7833 | D:6      | Noticed Pikel
  7842 | D:6      | Killed Pikel
  7843 | D:6      | Gained mutation: Spells you cast may paralyse adjacent
                  | enemies. [demonic ancestry]
  7843 | D:6      | Reached XP level 9. HP: 37/57 MP: 5/19
  8025 | D:6      | Found a basalt altar of Yredelemnul.
  8027 | D:6      | Quit the game

Illustrated notes

Levels and vault maps discovered:
D:1:      dpeg_arrival_connections, layout_rooms, basic_ecumenical_altar
D:2:      layout_loops_ring, uniq_crazy_yiuf_cottage
D:3:      lemuel_castle_with_subvaults [lemuel_castle_interior_carwin_3],
          layout_rooms, elyvilon_altar_5, serial_park_tiny_2
D:4:      layout_loops_ring, grunt_temple_overflow_opulence,
          minmay_misc_feat_ornament
D:5:      layout_basic, mainiacjoe_overflow_small_starburst,
          minmay_temple_entry_purple_smoke, enter_ossuary_5,
          corexii_item_surrounded_by_moat
D:6:      lemuel_ratsnest, layout_basic, yredelemnul_forgotten_temple_becter,
          chequers_serial_rivers_micro_c, uniq_pikel, uniq_eustachio
Temple:   grunt_temple_mini_profane

Skill      XL: |  1  2  3  4  5  6  7  8 |
---------------+-------------------------+-----
Stealth        | 2 |  2.0
Spellcasting   | 3 4 5 7 |  7.2
Conjurations   | 5 6 8 |  8.7
Ranged Weapons | 2 5 |  5.1
Dodging        | |  1.9

Action                   |  1- 3 |  4- 6 |  7- 9 || total
-------------------------+-------+-------+-------++-------
Melee: Unarmed           |    43 |       |       ||    43
       Trident           |    15 |    56 |       ||    71
 Fire: Sling             |       |    47 |   277 ||   324
 Cast: Magic Dart        |    66 |    61 |       ||   127
       Iskenderun's Myst |       |     2 |    18 ||    20
       Fulminant Prism   |       |       |     3 ||     3
  Use: Potion            |     1 |     3 |       ||     4
       Scroll            |       |       |     3 ||     3
Armor: Robe              |    25 |    21 |    25 ||    71
Dodge: Dodged            |    53 |    67 |    85 ||   205
